 Dungeon Crawl Stone Soup version 0.28-a0-1624-g820543e53a (webtiles) character file.

Game seed: 9627981870321902707

30 innerfire433 the Sneak (level 3, -2/30 HPs)
             Began as a Djinni Delver on Jan 23, 2022.
             Slain by a white imp (6 damage)
             ... on level 5 of the Dungeon.
             The game lasted 00:01:10 (573 turns).

innerfire433 the Sneak (Djinni Delver)               Turns: 573, Time: 00:01:11

Health: -2/30      AC:  4    Str: 13    XL:     3   Next: 35%
Gold:   68         EV: 12    Int: 11    God:
                   SH:  0    Dex: 14

rFire   + + .      SeeInvis .   a - +0 falchion
rCold   x . .      Faith    .   (no shield)
rNeg    . . .      Spirit   .   b - +0 leather armour
rPois   ∞          Reflect  .   (no helmet)
rElec   .          Harm     .   (no cloak)
rCorr   .          Rampage  .   i - +0 pair of gloves
Will    .....                   (boots unavailable)
Stlth   ++........              (no amulet)
HPRegen 0.10/turn               (no ring)
MPRegen 0.00/turn               (no ring)

@: flying, very slightly contaminated
A: sickness immunity, fire resistance 2, cold vulnerability 1, float, innate
caster, hp casting, extra vitality 1
a: no special abilities


You were on level 5 of the Dungeon.
You visited 1 branch of the dungeon, and saw 1 of its levels.

You collected 68 gold pieces.

Inventory:

Hand Weapons
 a - a +0 falchion (weapon)
Armour
 b - a +0 leather armour (worn)
 i - a +0 pair of gloves (worn)
Wands
 g - a wand of digging (3)
Scrolls
 c - a scroll of fog
 d - a scroll of magic mapping
 e - a scroll of fear
 j - a scroll of enchant armour {unknown}
Potions
 f - a potion of haste
 h - a potion of heal wounds {unknown}
 k - a potion of attraction {unknown}
 l - a potion of might {unknown}


   Skills:
 + Level 3.3 Fighting
 + Level 2.2 Long Blades
 + Level 2.7 Dodging
 + Level 4.3 Stealth


You had one spell level left.
You knew the following spells:

 Your Spells              Type           Power      Damage    Failure   Level
a - Sting                 Tmut/Pois      0%         1d3       41%         1
Your spell library was empty.

Dungeon Overview and Level Annotations

Branches:
Dungeon (5/15)
 Temple: D:4-7

Altars:


Innate Abilities, Weirdness & Mutations

You are immune to sickness and miasma.
You are immune to poison.
Your flesh is very heat resistant. (rF++)
You are vulnerable to cold. (rC-)
You float through the air rather than walking.
You learn spells naturally, not from books.
Your magical power is your life essence.
You have superior vitality. (+4 MHP)


Message History

Casting: Sting (safe; 41% risk of failure)
Confirm with . or Enter, or press ? or * to list all spells.
Aiming: Sting (safe; 41% risk of failure)
Press: ? - help, Shift-Dir - straight line, f - white imp
Aim: a white imp (64% to hit)
You miscast Sting.
You are very lightly contaminated with residual magic.
Nothing appears to happen.
The adder hisses angrily.
The white imp barely misses you.
Casting: Sting (safe; 41% risk of failure)
Confirm with . or Enter, or press ? or * to list all spells.
Aiming: Sting (safe; 41% risk of failure)
Press: ? - help, Shift-Dir - straight line, f/p - white imp
Aim: a white imp (64% to hit)
The sting hits the white imp.
The white imp partially resists.
The white imp is poisoned.
The white imp is lightly wounded.
The adder bites you. The white imp closely misses you.
Casting: Sting (safe; 41% risk of failure)
Confirm with . or Enter, or press ? or * to list all spells.
Aiming: Sting (safe; 41% risk of failure)
Press: ? - help, Shift-Dir - straight line, f/p - white imp
Aim: a white imp (moderately wounded, poisoned, 64% to hit)
The sting misses the white imp.
* * * LOW HITPOINT WARNING * * *
The adder closely misses you. The adder bites you.
* * * LOW HITPOINT WARNING * * *
The white imp hits you but does no damage.
Casting: Sting (safe; 41% risk of failure)
Confirm with . or Enter, or press ? or * to list all spells.
Aiming: Sting (safe; 41% risk of failure)
Press: ? - help, Shift-Dir - straight line, f/p - white imp
Aim: a white imp (moderately wounded, poisoned, 64% to hit)
You miscast Sting.
Nothing appears to happen.
* * * LOW HITPOINT WARNING * * *
The adder misses you. The white imp hits you.
* * * LOW HITPOINT WARNING * * *
The white imp freezes you.
You feel a terrible chill!
You die...

....>.......
#.#
............
#.#
...........#
#.#
...........#
#.## ###
..........##
##..# #..
..........#
###...## #..
.........##
##...##.##
#..
.......###
##...###..##
##. #@.###
##..# #. >#
#...5S..#
##.## ##
##.##
#.......##
##.## #
....#
#......##
##.## #
.....
##...###
#..# .....
#...# ###.##
..... #..##
#..#.##
.......#..##
#...#.##
......#..
#......#


You could see an adder and a white imp (poisoned).

Vanquished Creatures
  A hound (D:5)
1 creature vanquished.

Notes
Turn   | Place    | Note
-------+----------+-------------------------------------------
     0 | D:5      | innerfire433 the Djinni Delver began the quest for the Orb.
     0 | D:5      | Reached XP level 1. HP: 20/20 MP: 0/0
   205 | D:5      | Noticed a hound
   225 | D:5      | Killed a hound
   226 | D:5      | Reached XP level 2. HP: 3/25 MP: 0/0
   226 | D:5      | Reached XP level 3. HP: 4/30 MP: 0/0
   226 | D:5      | Learned a level 1 spell: Sting
   573 | D:5      | Slain by a white imp

Illustrated notes

Levels and vault maps discovered:
D:5:      layout_cave_pods

Skill      XL: |  1 |
---------------+----+-----
Long Blades    | 2 |  2.2
Fighting       | |  3.3
Dodging        | |  2.7
Stealth        | |  4.3

Action                   || total
-------------------------++-------
Melee: Falchion          ||    14
 Cast: Sting             ||     2
 Stab: Sleeping          ||     1
Armor: Leather armour    ||     8
Dodge: Dodged            ||    13

Table legend: (Time is in decaauts)
 A = Elapsed time spent in this place.
 B = Non-inter-level travel time spent in this place.
 C = Inter-level travel time spent in this place.
 D = Time resting spent in this place.
 E = Time spent auto-exploring this place.
 F = Levels seen in this place.
 G = Mean time per level.
                   A        B        C        D        E       F      G
               +--------+--------+--------+--------+--------+-----+--------+
         Total |    575 |    560 |     15 |      0 |    507 |   1 |  575.0 |
       Dungeon |    575 |    560 |     15 |      0 |    507 |   1 |  575.0 |
               +--------+--------+--------+--------+--------+-----+--------+

Top non-repeatable levels by time:
     D:5: 575 daAuts
